 Dungeon Crawl Stone Soup version 0.31.0-11-ge490571c62 (webtiles) character file.

Game seed: 15430688309222995707

88 qw the Shooter (level 4, 0/22 HPs)
             Began as a Spriggan Hunter on Feb 3, 2024.
             Incinerated by a bombardier beetle (4 damage)
             ... with a burning spray
             ... on level 2 of the Dungeon.
             The game lasted 00:00:07 (1652 turns).

qw the Shooter (Spriggan Hunter)                    Turns: 1652, Time: 00:00:07

Health: 0/22       AC:  2    Str:  7    XL:     4   Next: 29%
Magic:  5/5        EV: 19    Int: 10    God:
Gold:   65         SH:  0    Dex: 20    Spells: 3/3 levels left

rFire   . . .        a - +0 shortbow
rCold   . . .        (shield currently unavailable)
rNeg    . . .        c - +0 robe
rPois   .            (helmet restricted)
rElec   .            (no cloak)
rCorr   +            (gloves unavailable)
SInv    +            (boots unavailable)
Will    .....        (no amulet)
Stlth   +            g - ring of resist corrosion
HPRegen 0.23/turn    (no ring)
MPRegen 0.09/turn

%: no passive effects
@: on fire, glowing, very quick
A: very small, no large weapons, unfitting armour, see invisible, speed 3
a: no special abilities


You were on level 2 of the Dungeon.
You visited 1 branch of the dungeon, and saw 3 of its levels.

You collected 117 gold pieces.
You spent 52 gold pieces at shops.


Innate Abilities, Weirdness & Mutations

You are very small and have problems with some larger weapons.
You are too small for most types of armour.
You have supernaturally acute eyesight. (SInv)
You cover ground extremely quickly. (Speed+++)


   Skills:
 - Level 1.5 Fighting
 - Level 5.3 Ranged Weapons
 + Level 4.0 Dodging
 - Level 1.5 Stealth


You had 3 spell levels left.
You didn't know any spells.
Your spell library was empty.

Inventory:

Hand Weapons
 a - a +0 shortbow (weapon)
Armour
 c - a +0 robe (worn)
Jewellery
 g - a ring of resist corrosion (left hand)
Scrolls
 b - a scroll of enchant armour
 f - a scroll of identify
 k - a scroll of teleportation
Potions
 e - 2 potions of curing
 h - a potion of enlightenment
 j - 2 potions of heal wounds

Dungeon Overview and Level Annotations

Branches:
Dungeon (3/15)

Altars:

Shops:
D:1 *


Message History

You drop a potion of berserk rage.
Done exploring.
1633 ||| DROPPING potion of brilliance.
You drop a potion of brilliance.
Done exploring.
What level of the Dungeon? (default 2, ? - help)
There is a stone staircase leading down here.
You climb downwards.
You hear the sound of rushing water.
There is an entrance to a sewer on this level.
Hurry and find it before the portal rusts away!
Found an escape hatch in the ceiling.
There is a stone staircase leading up here.
A bombardier beetle is nearby!
Waypoint 2 assigned to D:3.
1645 ||| PLANNING SEWER You shoot an arrow.
The arrow hits the bombardier beetle!
The bombardier beetle is heavily wounded.
You shoot an arrow. The arrow hits the bombardier beetle.
The bombardier beetle is severely wounded.
The bombardier beetle sprays incendiary fluid at you.
The burning spray hits you.
You are covered in liquid fire!
You shoot an arrow. The arrow hits the bombardier beetle!
You kill the bombardier beetle!
The liquid fire burns you!
A dart slug comes into view.
Your Ranged Weapons skill increases to level 5!
You have reached level 4!
1648 ||| STAIRDANCE The liquid fire burns you!
You shake off some of the fire as you move.
You climb upwards.
The liquid fire burns you!
There is a stone staircase leading down here.
You are on fire!
The liquid fire burns you!
You are on fire!
The liquid fire burns you!
You are on fire!
The liquid fire burns you!
You die...

#.........######## #........#
#.........'......##### #.........
#.........######.#...###.........
#......!.........'....##.........
#########......#.#...(##.........
#......#.#....##.........
####..(..#.####.##........#
#..........# #.##........#
#.........@####.##........#
#...###.......#.######.....
#...######.##.#.# #.#### #.....#
#.##...## #.####
#.....####'####..#####'##..
#.....#.......#.........+..
#.....#.......#.#####...#..
###...#.......+..........%.
#...#.......#.####.......


There were no monsters in sight!

Vanquished Creatures
  A bombardier beetle (D:3)
  An adder (D:2)
  2 dart slugs (D:1)
  3 bats
  7 endoplasms
  A giant cockroach (D:1)
  3 goblins
  4 hobgoblins
  3 jackals (D:1)
  3 quokkas
  4 ball pythons
  2 frilled lizards
  5 kobolds
  3 rats
42 creatures vanquished.

Notes
Turn   | Place    | Note
-------+----------+-------------------------------------------
     0 | D:1      | qw the Spriggan Hunter began the quest for the Orb.
     0 | D:1      | Reached XP level 1. HP: 10/10 MP: 2/2
     0 | D:1      | 0 ||| qw: Version: 0.3-a-155-g5e7d8dd
     0 | D:1      | 0 ||| qw: Game counter: 3358
     0 | D:1      | 0 ||| qw: Melee chars always use a shield: true
     0 | D:1      | 0 ||| qw: God list: Okawaru
     0 | D:1      | 0 ||| qw: Allow faded altars: false
     0 | D:1      | 0 ||| qw: Do Orc after clearing Dungeon:15 true
     0 | D:1      | 0 ||| qw: Do second Lair branch before Depths: true
     0 | D:1      | 0 ||| qw: Lair rune preference: random
     0 | D:1      | 0 ||| qw: Goals: Normal
     0 | D:1      | 0 ||| PLANNING D:1-11
    43 | D:1      | Reached skill level 3 in Dodging
   102 | D:1      | Reached XP level 2. HP: 14/14 MP: 3/3
   114 | D:1      | Found a faded altar of an unknown god.
   628 | D:1      | Found Xaipan's Assorted Antiques.
   636 | D:1      | 636 ||| SHOPLISTING 3 scrolls labelled YNABBA XUIBE (87
                  | gold, have 59).
   636 | D:1      | 636 ||| BUYING bubbling brown potion (26 gold).
   636 | D:1      | Bought a bubbling brown potion for 26 gold pieces
   636 | D:1      | 636 ||| BUYING metallic clear potion (26 gold).
   636 | D:1      | Bought a metallic clear potion for 26 gold pieces
   636 | D:1      | 636 ||| SHOPLISTING scroll labelled DOUBIVA KUGHY (29 gold,
                  | have 7).
   636 | D:1      | 636 ||| SHOPLISTING silver ring (145 gold, have 7).
   734 | D:1      | Reached XP level 3. HP: 18/18 MP: 4/4
   967 | D:1      | 967 ||| UPGRADING to ring of resist corrosion.
   968 | D:1      | 968 ||| READING scroll labelled YNABBA XUIBE.
   972 | D:1      | 972 ||| READING 6 scrolls labelled DOUBIVA KUGHY.
   972 | D:1      | 972 ||| IDENTIFYING viscous purple potion
   973 | D:1      | 973 ||| READING 5 scrolls of identify.
   973 | D:1      | 973 ||| IDENTIFYING bubbling coppery potion
   974 | D:1      | 974 ||| READING 4 scrolls of identify.
   974 | D:1      | 974 ||| IDENTIFYING bubbling brown potion
   975 | D:1      | 975 ||| READING 3 scrolls of identify.
   975 | D:1      | 975 ||| IDENTIFYING metallic clear potion
   976 | D:1      | 976 ||| READING 2 scrolls of identify.
   976 | D:1      | 976 ||| IDENTIFYING scroll labelled ASMUJAS LATA
   977 | D:1      | 977 ||| DROPPING scroll of butterflies.
   978 | D:1      | 978 ||| DROPPING potion of degeneration.
   979 | D:1      | 979 ||| DROPPING scroll of fog.
  1629 | D:2      | 1629 ||| READING 4 scrolls of identify.
  1629 | D:2      | 1629 ||| IDENTIFYING coppery potion
  1630 | D:2      | 1630 ||| READING 3 scrolls of identify.
  1630 | D:2      | 1630 ||| IDENTIFYING black potion
  1631 | D:2      | 1631 ||| READING 2 scrolls of identify.
  1631 | D:2      | 1631 ||| IDENTIFYING scroll labelled LAMPUO JEBBYUL
  1632 | D:2      | 1632 ||| DROPPING potion of berserk rage.
  1633 | D:2      | 1633 ||| DROPPING potion of brilliance.
  1645 | D:3      | 1645 ||| PLANNING SEWER
  1648 | D:3      | Reached skill level 5 in Ranged Weapons
  1648 | D:3      | Reached XP level 4. HP: 16/22 MP: 5/5
  1648 | D:3      | 1648 ||| STAIRDANCE
  1651 | D:2      | HP: 4/22 [burnt (3)]
  1652 | D:2      | Incinerated by a bombardier beetle

Levels and vault maps discovered:
D:1:      minmay_arrival_up_and_down, layout_loops_corners, serial_shops, shop,
          shapermc_ecumenical_altar_starsandcircs,
          nicolae_houndstooth_variations
D:2:      layout_basic
D:3:      layout_rooms, minitemple, portal_sewer_entry_d, kennysheep_nondescript

Skill      XL: |  1  2  3 |
---------------+----------+-----
Dodging        | 3 4 |  4.0
Ranged Weapons | 5 |  5.3
Fighting       | |  1.5
Stealth        | |  1.5

Action                     |  1- 3 |  4- 6 || total
---------------------------+-------+-------++-------
   Fire: Shortbow          |    86 |       ||    86
    Use: Scroll            |     9 |       ||     9
 Armour: Robe              |     6 |       ||     6
  Dodge: Dodged            |    23 |       ||    23

Table legend:
 A = Non-vault XP
 B = Vault XP
 C = Vault XP percentage of total XP
 D = Non-vault monster count
 E = Vault monster count
 F = Vault count percentage of total count
                 A         B        C        D         E       F
            +---------+---------+-------+---------+---------+-------
      Total |     126 |       0 |   0.0 |      42 |       0 |   0.0
            +---------+---------+-------+---------+---------+-------
        D:1 |      48 |       0 |   0.0 |      26 |       0 |   0.0
        D:2 |      36 |       0 |   0.0 |      15 |       0 |   0.0
        D:3 |      42 |       0 |   0.0 |       1 |       0 |   0.0
            +---------+---------+-------+---------+---------+-------
